 Dungeon Crawl Stone Soup version 0.27-a0-1290-g15d3ce7508 (webtiles) character file.

Game seed: 16840700492702509787

258 ZiP212 the Scratcher (level 5, -5/24 HPs)
             Began as a Felid Berserker on June 15, 2021.
             Was a Believer of Trog.
             Slain by a gnoll (12 damage)
             ... on level 4 of the Dungeon.
             The game lasted 00:11:57 (4489 turns).

ZiP212 the Scratcher (Felid Berserker)              Turns: 4489, Time: 00:11:57

Health: -5/24      AC:  2    Str: 13    XL:     5   Next: 94%
Magic:  6/6        EV: 20    Int:  8    God:    Trog [**....]
Gold:   168        SH:  0    Dex: 18    Spells: 4/4 levels left
                                        Lives:  0   Deaths: 1

rFire    . . .     SeeInvis +     - Unarmed
rCold    . . .     Faith    .   (shield unavailable)
rNeg     . . .     Spirit   .   (armour unavailable)
rPois    +         Reflect  .   (helmet unavailable)
rElec    .         Harm     .   (cloak unavailable)
rCorr    .         Rampage  .   (gloves unavailable)
Will     ++...                  (boots unavailable)
Stlth    +++.......             (no amulet)
HPRegen  1.08/turn              b - ring of poison resistance
MPRegen  0.10/turn              (no ring)

@: strong-willed, regenerating, quick
A: very small, claws 1, fangs 3, see invisible, speed 1, shaggy fur 2, stealthy
paws, no weapons or thrown items, no armour, multi-lived
a: Renounce Religion, Berserk, Trog's Hand


You were on level 4 of the Dungeon.
You worshipped Trog.
Trog was pleased with you.
You visited 1 branch of the dungeon, and saw 4 of its levels.

You collected 168 gold pieces.

Inventory:

Jewellery
 b - a ring of poison resistance (left paw)
 d - a ring of ice
Scrolls
 e - a scroll of immolation {unknown}
 f - a scroll of identify
 g - a scroll of teleportation
Potions
 a - a potion of cancellation
 c - a potion of haste {unknown}
 h - a potion of lignification {unknown}


   Skills:
 + Level 3.6 Fighting
 + Level 5.5 Dodging
 + Level 3.7 Stealth
 + Level 6.0 Unarmed Combat


You had 4 spell levels left.
You didn't know any spells.
Your spell library was empty.

Dungeon Overview and Level Annotations

Branches:
Dungeon (4/15)
 Temple: D:4-7

Altars:
Ashenzari


Innate Abilities, Weirdness & Mutations

You have sharp claws.
You have razor-sharp teeth.
You have supernaturally acute eyesight. (SInv)
You cover ground quickly. (Speed+)
You are covered in thick fur. (AC +2)
Your paws help you pounce on unaware monsters.
You are incapable of wielding weapons or throwing items.
You cannot wear armour.
You gain extra lives every three experience levels.


Message History

The gnoll shaman invokes the aid of its god against you.
You easily resist.
You scratch the gnoll shaman.
The gnoll shaman is almost dead.
The gnoll shaman misses you.
You claw the gnoll shaman!
You kill the gnoll shaman!
Trog accepts your kill.
You scratch the gnoll.
The gnoll is heavily wounded.
The gnoll barely misses you.
You scratch the gnoll.
The gnoll is severely wounded.
The gnoll completely misses you.
You scratch the gnoll but do no damage.
The gnoll is severely wounded.
You scratch the gnoll but do no damage. You bite the gnoll.
You kill the gnoll!
Trog accepts your kill.
You barely miss the gnoll.
The gnoll is lightly wounded.
The gnoll closely misses you.
You scratch the gnoll.
The gnoll is heavily wounded.
The gnoll misses you.
You scratch the gnoll but do no damage.
The gnoll is heavily wounded.
The gnoll completely misses you.
You claw the gnoll!
You kill the gnoll!
Trog accepts your kill.
Your Unarmed Combat skill increases to level 6!
You barely miss the gnoll. You claw the gnoll, but do no damage.
The gnoll hits you with a +0 flail!
* * * LOW HITPOINT WARNING * * *
Your skin crawls.
You feel strong-willed. The gnoll hits you with a +0 flail!
Ouch! That really hurt!
You die...

####.#.#.#,*
###.### *,,,,,*
#.#...#,# #.....#
****,** #.##.##.#
#.....# *,*
#.......# #.....#
****,* ####.####
#...g.# *,,,,* #.#
#..g..####.#***
#.#########.......#
#.....#####.####..#
#####....@g..###..#
#..####.....>.#
#..#......##.##
#.........#*,*
#............#
##.......#####
#.......# #########


You could see a gnoll.

Vanquished Creatures
  Sigmund (D:2)
  A scorpion (D:2)
  A gnoll shaman (D:4)
  A centaur skeleton (D:4)
  Terence (D:2)
  Robin (D:2)
  2 gnolls (D:4)
  An adder (D:3)
  2 dart slugs
  4 orcs (D:3)
  9 endoplasms
  3 giant cockroaches (D:1)
  17 goblins
  12 hobgoblins
  3 jackals (D:1)
  3 quokkas
  5 ball pythons
  5 bats
  5 frilled lizards
  2 kobolds
  5 rats
84 creatures vanquished.

Notes
Turn   | Place    | Note
-------+----------+-------------------------------------------
     0 | D:1      | ZiP212 the Felid Berserker began the quest for the Orb.
     0 | D:1      | Reached XP level 1. HP: 10/10 MP: 2/2
   508 | D:1      | Reached XP level 2. HP: 12/14 MP: 3/3
  1148 | D:1      | Reached XP level 3. HP: 14/17 MP: 4/4
  1760 | D:1      | Reached ** piety under Trog
  2371 | D:2      | Noticed Robin
  2394 | D:2      | Reached skill level 1 in Stealth
  2517 | D:2      | Noticed Terence
  2529 | D:2      | Killed Terence
  2530 | D:2      | Reached skill level 4 in Unarmed Combat
  2530 | D:2      | Reached XP level 4. HP: 21/21 MP: 5/5
  2663 | D:2      | Noticed Sigmund
  2678 | D:2      | Killed Sigmund
  2679 | D:2      | Reached skill level 5 in Dodging
  2679 | D:2      | Reached skill level 5 in Unarmed Combat
  2679 | D:2      | Reached XP level 5. HP: 24/24 MP: 6/6
  2803 | D:2      | Found a broken altar of Ashenzari.
  2821 | D:2      | Found a faded altar of an unknown god.
  3108 | D:2      | Killed Robin
  3371 | D:3      | Gained mutation: You are covered in thick fur. (AC +2)
                  | [Felid growth]
  3371 | D:3      | Reached XP level 6. HP: 28/28 MP: 7/7
  3541 | D:3      | Reached *** piety under Trog
  4391 | D:4      | Killed from afar by an orc
  4392 | D:4      | Reached XP level 5. HP: 0/24 MP: 6/6
  4488 | D:4      | Reached skill level 6 in Unarmed Combat
  4489 | D:4      | Slain by a gnoll

Illustrated notes

Levels and vault maps discovered:
D:1:      saegor_arrival_simple_c, layout_loops_corners,
          minmay_indecisive_spiral
D:2:      layout_loops_ring, basic_altar, hellmonk_ecumenical_altar_crossroads,
          kennysheep_nub, uniq_robin, uniq_terence, uniq_sigmund
D:3:      layout_loops_cross, supply_closet_lemuel, minmay_cut_off
D:4:      layout_loops_cross, kennysheep_mini, gammafunk_ghost_necromancy,
          chequers_hall_statues_corner_a

Skill      XL: |  1  2  3  4  5 |
---------------+----------------+-----
Stealth        | 1 2 3 |  3.7
Unarmed Combat | 4 5 6 |  6.0
Dodging        | 5 |  5.5
Fighting       | |  3.6

Action                   |  1- 3 |  4- 6 || total
-------------------------+-------+-------++-------
Melee: Unarmed           |   124 |   118 ||   242
       Bite              |    11 |    13 ||    24
       Punch             |     1 |     3 ||     4
Invok: Berserk           |     1 |     2 ||     3
       Trog's Hand       |       |     3 ||     3
  Use: Scroll            |     3 |     8 ||    11
       Potion            |     1 |       ||     1
 Stab: Sleeping          |     2 |     4 ||     6
Armor: Skin              |     2 |     6 ||     8
Dodge: Dodged            |    93 |    89 ||   182

Table legend: (Time is in decaauts)
 A = Elapsed time spent in this place.
 B = Non-inter-level travel time spent in this place.
 C = Inter-level travel time spent in this place.
 D = Time resting spent in this place.
 E = Time spent auto-exploring this place.
 F = Levels seen in this place.
 G = Mean time per level.
                   A        B        C        D        E       F      G
               +--------+--------+--------+--------+--------+-----+--------+
         Total |   4041 |   3919 |    122 |   1288 |   1868 |   4 | 1010.2 |
       Dungeon |   4041 |   3919 |    122 |   1288 |   1868 |   4 | 1010.2 |
               +--------+--------+--------+--------+--------+-----+--------+

Top non-repeatable levels by time:
     D:1: 1860 daAuts
     D:2: 1381 daAuts
     D:3: 602 daAuts
     D:4: 197 daAuts
